 Seeded DCSS version 0.27.1-2-g3b301248ec (webtiles) character file.

Game seed: 14036611466628663890 (custom seed)

1 donath the Skirmisher (level 1, 0/16 HPs)
             Began as an Octopode Abyssal Knight on Sept 28, 2021.
             Was a Follower of Lugonu.
             Slain by a kobold (1 damage)
             ... on level 1 of the Abyss.
             The game lasted 00:01:01 (66 turns).

donath the Skirmisher (Octopode Abyssal Knight)       Turns: 66, Time: 00:01:02

Health: 0/16       AC:  1    Str: 11    XL:     1   Next: 20%
Magic:  2/2        EV: 13    Int: 14    God:    Lugonu [*.....]
Gold:   0          SH:  0    Dex: 11    Spells: 0/0 levels left

rFire    . . .     SeeInvis .   a - +1 spear
rCold    . . .     Faith    .   (no shield)
rNeg     . . .     Spirit   .   (helmet restricted)
rPois    .         Reflect  .   (no amulet)
rElec    .         Harm     .   (no ring)
rCorr    .         Rampage  .   (no ring)
Will     .....                  (no ring)
Stlth    ++........             (no ring)
HPRegen  0.05/turn              (no ring)
MPRegen  0.08/turn              (no ring)
                                (no ring)
                                (no ring)

@: no status effects
A: almost no armour, amphibious, 8 rings, camouflage 1, gelatinous body 1,
(nimble swimmer 1), tentacles
a: Renounce Religion, Depart the Abyss


You were on level 1 of the Abyss.
You worshipped Lugonu.
Lugonu was aware of your devotion.
You visited 0 branches of the dungeon, and saw 0 of its levels.
You visited the Abyss 1 time.

Inventory:

Hand Weapons
 a - a +1 spear (weapon)
Missiles
 c - 5 poisoned darts
Scrolls
 b - a scroll of magic mapping {unknown}
Potions
 d - a potion of brilliance {unknown}


   Skills:
 - Level 3.0 Fighting
 - Level 2.0 Polearms
 - Level 2.3 Dodging
 + Level 0.8 Stealth
 - Level 2.0 Invocations


You couldn't memorise any spells.
You didn't know any spells.
Your spell library contained the following spells:

 Spells                   Type           Power      Damage    Failure   Level
 Static Discharge         Conj/Air       0%         N/A       41%         2
 Lightning Bolt           Conj/Air       0%         1d11      100%        5
 Maxwell's Capacitive Co  Air            0%         ∞         100%        8


Dungeon Overview and Level Annotations

Branches:
Dungeon (0/15)

Altars:


Innate Abilities, Weirdness & Mutations

You cannot wear most types of armour.
You are amphibious.
You can wear up to eight rings at the same time.
Your skin changes colour to match your surroundings (Stealth+).
Your rubbery body absorbs attacks. (AC +1, EV +1)
((You are camouflaged near water. (Stealth+)))
You have tentacles for arms and can constrict up to eight enemies at once.


Message History

Found a club.
The kobold shouts!
Found a gateway leading out of the Abyss.
Found 5 poisoned darts.
Found an inky potion.
You hit the kobold. Your grab misses the kobold.
The kobold is heavily wounded.
The kobold hits you but does no damage.
You hit the kobold. You grab the kobold.
The kobold is severely wounded.
You constrict the kobold.
You kill the kobold!
You see here 5 poisoned darts.
c - 5 poisoned darts
Found a book of Lightning.
d - an inky potion The kobold shouts!
The kobold hits you with a +0 short sword of freezing.
The kobold freezes you.
You hit the kobold but do no damage. Your grab misses the kobold.
An orange demon comes into view.
The kobold hits you with a +0 short sword of freezing.
The kobold freezes you.
You closely miss the kobold.
The orange demon screeches!
Your grab misses the kobold.
The kobold hits you with a +0 short sword of freezing.
* * * LOW HITPOINT WARNING * * *
The kobold freezes you.
* * * LOW HITPOINT WARNING * * *
Found a robe.
You see here a book of Lightning.
You pick up a book of Lightning and begin reading...
You add the spells Static Discharge, Lightning Bolt and Maxwell's Capacitive Coupling to your library.
A quasit comes into view.
The quasit gives a chilling moan.
The kobold hits you with a +0 short sword of freezing.
* * * LOW HITPOINT WARNING * * *
The kobold freezes you.
You die...

...###...###...
....#.....#....
.......[....5..
................ ..
............... ...
.. #.....#.....# ....
..## ...###...###...#
..#.....#..@..#.....
............K........
. ...................
... ................#
.# ....#..4..#...#8
##...###...###....
..#.....#.....#...#8
.................#
....................


You could see an orange demon, a quasit and a kobold.

Vanquished Creatures
  A kobold (Abyss:1)
1 creature vanquished.

Notes
Turn   | Place    | Note
-------+----------+-------------------------------------------
     0 | Abyss:1  | donath the Octopode Abyssal Knight began the quest for the
                  | Orb.
     0 | Abyss:1  | Reached XP level 1. HP: 16/16 MP: 2/2
    25 | Abyss:1  | Noticed a kobold demonologist
    25 | Abyss:1  | Noticed a kobold demonologist
    58 | Abyss:1  | Noticed an orange demon
    66 | Abyss:1  | Noticed a quasit
    66 | Abyss:1  | Slain by a kobold

Illustrated notes

Levels and vault maps discovered:
Abyss:1:  base: Temple, guppyfry_abyss_exit_glass_guarded, base: Temple,
          small_statue_intersection

Action                   || total
-------------------------++-------
Melee: Spear             ||     4
       Constrict         ||     1
Armor: Skin              ||     1
